AoeStats
← DocPee

Arabia

510379049Analyzed
3v3 RM · 1d ago on Sep 30, 2026· 55m 46s· 6 players
Game mode
Random Map
Map size
Normal (6 player)
Population
200
Speed
Normal
Resources
Standard
Victory
Conquest
Starting age
Dark Age
Ending age
Imperial Age
RankedLock teamsTeams togetherTeam positionsShared explorationLock speedFull tech treeHidden civsTurbo modeCheats
Victory
Defeat
🇪🇸 Franks · Spain
801
+13
🇳🇱 Hindustanis · Netherlands
737
+15
🇳🇱 Vietnamese · Netherlands
686
+16
🇦🇷 Chinese · Argentina
727
-15
🇧🇷 Inca · Brazil
727
-15
🇩🇪 Japanese · Germany
705
-14
DocPee
9:28 Loom
11:14 Feudal Age
12:30 Horse Collar
12:37 Double-Bit Axe
14:25 Wheelbarrow
19:30 Town Watch
22:19 Castle Age
22:01 Scale Mail Armor
21:52 Arson
22:25 Pikeman
23:53 Heavy Plow
24:06 Bow Saw
24:00 Squires
27:55 Hand Cart
27:58 Forging
28:04 Chain Mail Armor
27:40 Fletching
27:52 Man-at-Arms
35:04 Iron Casting
38:13 Imperial Age
36:55 Town Patrol
39:46 Halberdier
40:55 Conscription
41:09 Elite Skirmisher
41:57 Thumb Ring
42:56 Blast Furnace
42:27 Plate Mail Armor
41:53 Bodkin Arrow
44:17 Kataparuto
46:05 Caravan
48:31 Elite Samurai
GSUSDABESTIAX
1:14 Loom
13:55 Feudal Age
16:26 Wheelbarrow
15:54 Town Watch
30:35 Castle Age
28:30 Double-Bit Axe
28:46 Stone Mining
28:47 Gold Mining
33:12 Bow Saw
34:58 Stone Shaft Mining
34:59 Gold Shaft Mining
42:05 Great Wall
42:22 Forging
42:03 Fletching
42:14 Padded Archer Armor
46:54 Imperial Age
49:56 Fortified Wall
50:47 Chemistry
49:23 Pikeman
50:05 Squires
50:11 Scale Mail Armor
50:47 Iron Casting
51:22 Crossbowman
52:08 Thumb Ring
51:27 Halberdier
54:41 Caravan
54:32 Arbalester
54:38 Arbalester
55:43 Ballistics
theilor.taiariol
9:49 Feudal Age
11:00 Champi Runner
18:47 Horse Collar
18:56 Double-Bit Axe
19:58 Horse Collar
20:32 Forging
20:23 Scale Mail Armor
20:18 Gold Mining
20:20 Stone Mining
23:29 Loom
26:07 Castle Age
26:33 Champi Warrior
27:50 Pikeman
28:31 Squires
34:45 Elite Skirmisher
43:13 Andean Sling
diamondkev513
11:13 Feudal Age
12:03 Double-Bit Axe
16:48 Forging
17:38 Scale Barding Armor
22:02 Castle Age
21:33 Wheelbarrow
23:18 Squires
23:33 Bow Saw
24:57 Iron Casting
25:04 Husbandry
27:23 Chain Barding Armor
27:28 Pikeman
32:03 Hand Cart
33:02 Crossbowman
37:08 Imperial Age
36:19 Padded Archer Armor
36:10 Fletching
37:26 Ballistics
37:28 Scale Mail Armor
37:44 Leather Archer Armor
37:04 Ordonnance Companies
39:20 Chemistry
37:46 Cavalier
38:03 Halberdier
39:14 Siege Engineers
39:51 Plate Barding Armor
40:17 Blast Furnace
40:05 Bodkin Arrow
42:18 Paladin
43:16 Elite Throwing Axeman
45:36 Caravan
CurryDerWorst
11:37 Feudal Age
13:08 Double-Bit Axe
18:59 Castle Age
17:25 Horse Collar
17:53 Fletching
20:18 Wheelbarrow
19:59 Bow Saw
20:09 Scale Barding Armor
20:09 Light Cavalry
21:37 Husbandry
22:50 Bloodlines
25:56 Squires
25:44 Arson
26:47 Thumb Ring
30:23 Hand Cart
32:22 Crossbowman
33:09 Bodkin Arrow
33:15 Padded Archer Armor
33:26 Gold Mining
33:27 Stone Mining
37:47 Heavy Plow
38:34 Caravan
41:10 Imperial Age
41:21 Gold Shaft Mining
43:00 Chemistry
42:06 Siege Engineers
42:22 Ballistics
41:46 Hussar
42:51 Chain Barding Armor
42:32 Bracer
42:43 Forging
42:34 Scale Mail Armor
42:49 Leather Archer Armor
44:10 Stone Shaft Mining
43:02 Siege Elephant
45:09 Grand Trunk Road
45:36 Shatagni
47:53 Iron Casting
47:33 Chain Mail Armor
47:54 Plate Barding Armor
47:49 Ring Archer Armor
48:29 Conscription
51:24 Blast Furnace
Moogie
6:18 Loom
10:21 Feudal Age
10:51 Horse Collar
12:12 Double-Bit Axe
16:55 Wheelbarrow
21:17 Castle Age
22:22 Bow Saw
22:15 Heavy Plow
23:01 Hand Cart
25:30 Crossbowman
27:20 Fletching
27:31 Padded Archer Armor
27:32 Scale Mail Armor
28:31 Squires
29:49 Man-at-Arms
30:48 Bodkin Arrow
31:08 Leather Archer Armor
33:43 Stone Mining
35:34 Caravan
36:06 Scale Barding Armor
36:16 Chain Mail Armor
36:12 Forging
41:58 Imperial Age
40:24 Ballistics
40:49 Iron Casting
40:34 Chain Barding Armor
42:07 Elite Rattan Archer
42:14 Elite Rattan Archer
42:22 Arbalester
43:08 Thumb Ring
43:06 Bracer
43:36 Ring Archer Armor
43:37 Plate Mail Armor
43:42 Plate Barding Armor
44:12 Chemistry
42:57 Arrowslits
43:36 Gold Mining
44:22 Stone Shaft Mining
44:26 Coinage
44:06 Guilds
45:29 Hoardings
47:49 Two-Man Saw
49:05 Banking
49:34 Chatras
49:54 Paper Money
49:05 Sappers
50:01 Bombard Tower
49:32 Guard Tower
49:33 Heated Shot
50:12 Elite Skirmisher
51:26 Crop Rotation
50:19 Man-at-Arms
50:19 Pikeman
50:45 Arson
50:45 Treadmill Crane
51:00 Murder Holes
52:47 Long Swordsman
52:48 Halberdier
52:49 Elite Fire Lancer
52:51 Imperial Skirmisher
54:00 Sanctity
53:40 Devotion
54:06 Illumination
53:36 Herbal Medicine
54:16 Theocracy
53:57 Block Printing
55:37 Two-Handed Swordsman
Connection lost

Rejoining the realm…

Still unreachable

The connection could not be restored.

Session expired

The server has moved on; the page needs a fresh start.